 Dungeon Crawl Stone Soup version 0.28.0-53-g5a82cb258f (webtiles) character file.

Game seed: 15051453029346390826

65 LynnLen the Sneak (level 3, -2/24 HPs)
             Began as a Vampire Enchanter on Aug 10, 2022.
             Slain by an adder (3 damage)
             ... on level 2 of the Dungeon.
             The game lasted 00:03:28 (1161 turns).

LynnLen the Sneak (Vampire Enchanter)               Turns: 1161, Time: 00:03:29

Health: -2/24      AC:  2    Str:  7    XL:     3   Next: 94%
Magic:  5/6        EV: 12    Int: 17    God:
Gold:   25         SH:  0    Dex: 16    Spells: 3/6 levels left

rFire   . . .      SeeInvis +   a - +1 dagger
rCold   . . .      Faith    .   (no shield)
rNeg    . . .      Spirit   .   b - +0 robe
rPois   .          Reflect  .   (no helmet)
rElec   .          Harm     .   (no cloak)
rCorr   .          Rampage  .   (no gloves)
Will    .....                   (no boots)
Stlth   +++.......              (no amulet)
HPRegen 0.28/turn               (no ring)
MPRegen 0.10/turn               (no ring)

@: healing quickly
A: alive, fangs 3, see invisible, vampiric 2
a: Exsanguinate


You were on level 2 of the Dungeon.
You visited 1 branch of the dungeon, and saw 2 of its levels.

You collected 25 gold pieces.

Inventory:

Hand Weapons
 a - a +1 dagger (weapon)
Missiles
 d - 35 stones
 j - 15 sling bullets
Armour
 b - a +0 robe (worn)
Scrolls
 i - a scroll of teleportation
Potions
 c - a potion of invisibility
 e - a potion of degeneration {unknown}
 f - a potion of mutation {unknown}
 g - a potion of attraction {unknown}
 h - a potion of brilliance {unknown}


   Skills:
 + Level 3.0 Short Blades
 - Level 2.1 Dodging
 + Level 6.1 Stealth
 - Level 2.0 Spellcasting
 - Level 4.4 Hexes


You had 3 spell levels left.
You knew the following spells:

 Your Spells              Type           Power      Damage    Failure   Level
a - Confusing Touch       Hex            16%        N/A       10%         3

Your spell library contained the following spells:

 Spells                   Type           Power      Damage    Failure   Level
 Tukima's Dance           Hex            16%        N/A       10%         3
 Ensorcelled Hibernation  Hex/Ice        18%        N/A       12%         2
 Dazzling Flash           Conj/Hex       18%        N/A       24%         3


Dungeon Overview and Level Annotations

Branches:
Dungeon (2/15)

Altars:


Innate Abilities, Weirdness & Mutations

Your natural rate of healing is accelerated.
You have razor-sharp teeth.
You have supernaturally acute eyesight. (SInv)
You are afflicted with vampirism and can become a bat while bloodless.


Message History

You feel sick. The adder barely misses you.
You closely miss the adder. You bite the adder.
The adder is moderately wounded.
The adder bites you.
You are more poisoned.
The adder poisons you!
You hit the adder but do no damage.
The adder is moderately wounded.
You feel sick. The adder bites you.
* * * LOW HITPOINT WARNING * * *
You closely miss the adder.
The adder is moderately wounded.
* * * LOW HITPOINT WARNING * * *
You feel sick. The adder barely misses you.
You hit the adder.
The adder is heavily wounded.
* * * LOW HITPOINT WARNING * * *
You feel sick. The adder closely misses you.
You miss the adder. You bite the adder.
The adder is heavily wounded.
* * * LOW HITPOINT WARNING * * *
You feel sick. The adder completely misses you.
You hit the adder.
The adder is heavily wounded.
* * * LOW HITPOINT WARNING * * *
You feel sick. The adder barely misses you. The adder closely misses you.
You hit the adder.
The adder is almost dead.
* * * LOW HITPOINT WARNING * * *
You feel sick. The adder closely misses you.
You closely miss the adder.
The adder is almost dead.
The adder barely misses you.
You miss the adder.
The adder is almost dead.
* * * LOW HITPOINT WARNING * * *
You feel sick.
You are no longer poisoned.
The adder bites you.
You die...

#.......#
#.......###########
#..................
####'##############
#.......#
###.......#
#.........#
#.........#
#.S@......#
###.......#
#.[.....####
###>........
#.#.###### #.#..#
.. #.##+# #.##.
#.#... ...#.
#.+.8.## ##.8...


You could see an adder.

Vanquished Creatures
  3 adders (D:2)
  2 dart slugs
  6 ball pythons
  2 bats
  An endoplasm (D:1)
  5 goblins
  3 hobgoblins (D:1)
  2 jackals (D:1)
  2 kobolds
  2 quokkas (D:1)
  2 frilled lizards (D:1)
  3 rats
33 creatures vanquished.

Notes
Turn   | Place    | Note
-------+----------+-------------------------------------------
     0 | D:1      | LynnLen the Vampire Enchanter began the quest for the Orb.
     0 | D:1      | Reached XP level 1. HP: 13/13 MP: 3/3
   253 | D:1      | Reached XP level 2. HP: 19/19 MP: 5/5
   260 | D:1      | Reached skill level 5 in Stealth
   542 | D:1      | Gained mutation: You are afflicted with vampirism and can
                  | become a bat while bloodless. [Vampire growth]
   542 | D:1      | Reached XP level 3. HP: 18/24 MP: 6/6
   546 | D:1      | Learned a level 3 spell: Confusing Touch
   767 | D:2      | HP: 1/24 [poisoned by an adder]
   929 | D:2      | Reached skill level 6 in Stealth
  1159 | D:2      | HP: 1/24 [poisoned by an adder]
  1161 | D:2      | Slain by an adder

Illustrated notes

Levels and vault maps discovered:
D:1:      lemuel_arrival_behind_the_door_small, layout_rooms
D:2:      layout_basic, kennysheep_big_empty_room, grunt_ministairs_13, hex_tiny

Skill      XL: |  1  2  3 |
---------------+----------+-----
Stealth        | 5 6 |  6.1
Short Blades   | 2 3 |  3.0
Dodging        | |  2.1
Spellcasting   | |  2.0
Hexes          | |  4.4

Action                   || total
-------------------------++-------
Melee: Dagger            ||   134
       Bite              ||    12
Throw: Stone             ||     1
 Cast: Confusing Touch   ||     3
  Use: Scroll            ||     2
 Stab: Sleeping          ||     6
       Confused          ||     2
Armor: Robe              ||    21
Dodge: Dodged            ||    96
